 Dungeon Crawl Stone Soup version 0.28.0-43-g3370ac3207 (webtiles) character file.

Game seed: 14113280243031250014

3976 Kaptain the Digger (level 10, -4/68 HPs)
             Began as an Octopode Earth Elementalist on Mar 5, 2022.
             Slain by a shadow (20 damage)
             ... on level 7 of the Dungeon.
             The game lasted 00:21:22 (8549 turns).

Kaptain the Digger (Octopode Earth Elementalist)    Turns: 8549, Time: 00:21:23

Health: -4/68      AC:  8    Str:  9    XL:     10   Next: 22%
Magic:  13/19      EV: 14    Int: 21    God:
Gold:   388        SH:  0    Dex: 12    Spells: 17/21 levels left

rFire   + . .      SeeInvis .   D - +3 flail (protect)
rCold   + . .      Faith    .   (no shield)
rNeg    . . .      Spirit   .   (helmet restricted)
rPois   +          Reflect  .   (no amulet)
rElec   +          Harm     .   v - ring of flight
rCorr   +          Rampage  .   (no ring)
Will    .....                   (no ring)
Stlth   ++++......              (no ring)
HPRegen 0.21/turn               (no ring)
MPRegen 0.16/turn               (no ring)
                                (no ring)
                                (no ring)

@: resistant, under a protective aura, flying
A: almost no armour, amphibious, 8 rings, camouflage 1, gelatinous body 1,
(nimble swimmer 1), tentacles
a: no special abilities


You were on level 7 of the Dungeon.
You visited 2 branches of the dungeon, and saw 8 of its levels.

You collected 388 gold pieces.

Inventory:

Hand Weapons
 A - the +6 spear of Vufrunux {drain, Int+3}
   (You found it on level 4 of the Dungeon)

   A truly terrible weapon, it drains the life of any living foe it strikes.
   Int:       It affects your intelligence (+3).
 D - a +3 flail of protection (weapon)
 F - a +4 battleaxe
Missiles
 b - 66 stones
 g - 22 bolts
 h - 7 boomerangs
 i - 4 javelins
 j - 3 curare-tipped darts (quivered)
 p - 39 arrows
 B - 11 poisoned darts
 I - 26 sling bullets
Magical Staves
 f - a staff of death
 G - a staff of fire
Jewellery
 v - a ring of flight (left tentacle)
Wands
 s - a wand of digging (10)
 E - a wand of flame (8)
Scrolls
 d - 3 scrolls of holy word
 e - a scroll of summoning {unknown}
 k - a scroll of enchant armour {unknown}
 m - 5 scrolls of teleportation
 o - a scroll of identify
 y - a scroll of fear {unknown}
 z - 2 scrolls of enchant weapon {unknown}
 C - 3 scrolls of vulnerability {unknown}
 H - 3 scrolls of magic mapping {unknown}
Potions
 c - a potion of resistance
 l - 2 potions of might
 n - a potion of curing
 t - a potion of cancellation
 w - 2 potions of haste
 x - a potion of magic


   Skills:
 * Level 6.3 Fighting
 + Level 4.9 Dodging
 + Level 7.1 Stealth
 * Level 6.2 Spellcasting
 * Level 6.3 Conjurations
 - Level 1.0 Transmutations
 * Level 7.1 Earth Magic


You had 17 spell levels left.
You knew the following spells:

 Your Spells              Type           Power      Damage    Failure   Level
a - Sandblast             Erth           72%        2d16      1%          1
b - Stone Arrow           Conj/Erth      68%        3d11      1%          3

Your spell library contained the following spells:

 Spells                   Type           Power      Damage    Failure   Level
 Passwall                 Tmut/Erth      19%        N/A       2%          2
 Petrify                  Tmut/Erth      23%        N/A       19%         4
 Ozocubu's Armour         Ice            6%         N/A       28%         3
 Metabolic Englaciation   Hex/Ice        3%         N/A       95%         5
 Simulacrum               Ice/Necr       3%         N/A       100%        6


Dungeon Overview and Level Annotations

Branches:
Dungeon (7/15)             Temple (1/1) D:6

Altars:
Ashenzari
Cheibriados
Dithmenos
Fedhas
Hepliaklqana
Kikubaaqudgha
Makhleb
Nemelex Xobeh
Qazlal
Ru
Sif Muna
Trog
Uskayaw
Vehumet
Wu Jian
Xom
Yredelemnul
Zin
The Shining One


Innate Abilities, Weirdness & Mutations

You cannot wear most types of armour.
You are amphibious.
You can wear up to eight rings at the same time.
Your skin changes colour to match your surroundings (Stealth+).
Your rubbery body absorbs attacks. (AC +1, EV +1)
((You are camouflaged when in or above water. (Stealth+)))
You have tentacles for arms and can constrict up to eight enemies at once.


Message History

Press: ? - help, Shift-Dir - straight line, f - yak
Aim: a yak (moderately wounded, 84% to hit)
The stone arrow hits something!
The shadow strikes at you from the darkness!
* * * LOW HITPOINT WARNING * * *
Reactivating autopickup.
You feel much better. The shadow hits you.
Unknown command.
You barely miss the shadow.
You squeeze the shadow, but do no damage.
The shadow is moderately damaged.
The shadow hits you.
You closely miss the shadow.
The shadow is moderately damaged.
The shadow slips into darkness.
The shadow flickers and vanishes!
Deactivating autopickup; reactivate with Ctrl-A.
The shadow strikes at you from the darkness!
* * * LOW HITPOINT WARNING * * *
Reactivating autopickup.
You feel much better. The shadow hits you!
* * * LOW HITPOINT WARNING * * *
You feel protected. The shadow hits you!
* * * LOW HITPOINT WARNING * * *
Unknown command.
You hit the shadow.
Your weapon exudes an aura of protection.
You squeeze the shadow.
The shadow is heavily damaged.
The shadow misses you.
Unknown command.
You feel better. The shadow hits you.
You hit the shadow. Your squeeze misses the shadow.
The shadow is severely damaged.
The shadow slips into darkness.
The shadow flickers and vanishes!
Deactivating autopickup; reactivate with Ctrl-A.
The shadow strikes at you from the darkness!
You die...

##.####...###..##.##.##
..................#...#
.#.....#.........##.#.##
.#.#####.........#.#.#.#
.########.......##.....##
......#.........#.......#
..........###..##.#.#.#.#
..........#
#..#.#.#.#.#.#
..#.†....##
..##@........#
..#.......#
##{#########.#
........<## #TY# .
#.........# #J##
.........#. #.#..TJ.W.
.........# #. #l###.#
........... .# #.#(.:
..........##. .##.#
..........#.# .#)#


You could see a slime creature, a yak and a troll.

Vanquished Creatures
  A manticore (D:7)
  6 yaks
  A basilisk (D:7)
  Menkaure (D:6)
  Edmund (D:5)
  A water moccasin (D:7)
  2 sky beasts (D:7)
  2 black bears (D:5)
  A necrophage (D:6)
  3 ogres
  A phantom (D:7)
  A kobold brigand (D:7)
  A bullfrog (D:7)
  2 scorpions
  A wyvern zombie (D:7)
  A water moccasin skeleton (D:4)
  2 wyvern skeletons (D:7)
  3 wights (D:6)
  A howler monkey (D:5)
  2 centaur zombies
  3 bullfrog zombies
  3 hounds
  2 orc priests
  A gnoll shaman (D:5)
  2 jellies
  A centaur skeleton (D:7)
  A scorpion zombie (D:5)
  A bullfrog skeleton (D:7)
  Ijyb (D:3)
  5 iguanas
  An orc wizard (D:3)
  A killer bee zombie (D:6)
  A hound skeleton (D:5)
  6 gnolls
  6 adders
  A shadow imp (D:6)
  An ufetubus (D:3)
  An adder skeleton (D:4)
  2 worms (D:3)
  2 dart slugs
  20 orcs
  3 endoplasms
  2 giant cockroaches (D:1)
  2 goblins (D:1)
  5 hobgoblins
  13 jackals
  A quokka (D:3)
  11 ball pythons
  4 bats
  4 frilled lizards
  13 kobolds
  3 rats (D:1)
157 creatures vanquished.

Vanquished Creatures (others)
  A wizard (D:3)
1 creature vanquished.

Grand Total: 158 creatures vanquished

Notes
Turn   | Place    | Note
-------+----------+-------------------------------------------
     0 | D:1      | Kaptain the Octopode Earth Elementalist began the quest for
                  | the Orb.
     0 | D:1      | Reached XP level 1. HP: 11/11 MP: 3/3
   117 | D:1      | Reached XP level 2. HP: 11/18 MP: 3/5
   337 | D:1      | Reached skill level 1 in Fighting
   337 | D:1      | Reached XP level 3. HP: 8/23 MP: 0/6
   341 | D:1      | Learned a level 3 spell: Stone Arrow
   583 | D:1      | Reached skill level 1 in Conjurations
  1600 | D:2      | Reached XP level 4. HP: 28/28 MP: 3/7
  2027 | D:2      | Found an ornate altar of the Wu Jian Council.
  2096 | D:3      | Found a faded altar of an unknown god.
  2333 | D:3      | Reached XP level 5. HP: 19/34 MP: 3/8
  2505 | D:3      | Noticed Ijyb
  2509 | D:3      | Killed Ijyb
  2974 | D:3      | Found a bloodstained altar of Trog.
  2975 | D:3      | Noticed a wizard
  2980 | D:3      | Killed a wizard
  3167 | D:4      | Reached XP level 6. HP: 39/39 MP: 7/10
  3752 | D:4      | Identified the +6 spear of Vufrunux {drain, Int+3}
  3990 | D:5      | Entered Level 5 of the Dungeon
  4107 | D:5      | Found a burning altar of Makhleb.
  4113 | D:5      | Found a stormy altar of Qazlal.
  4288 | D:5      | Reached XP level 7. HP: 25/45 MP: 5/12
  5203 | D:5      | Reached XP level 8. HP: 53/53 MP: 4/14
  5379 | D:5      | Reached skill level 5 in Stealth
  5379 | D:5      | Reached skill level 5 in Earth Magic
  5819 | D:6      | Noticed a yak
  5820 | D:6      | Noticed a yak
  5820 | D:6      | Noticed a yak
  5820 | D:6      | Noticed a yak
  5820 | D:6      | Noticed a yak
  5821 | D:6      | Noticed a yak
  5844 | D:6      | Killed a yak
  5863 | D:5      | Killed a yak
  5959 | D:6      | Noticed Edmund
  5969 | D:5      | Killed Edmund
  6226 | D:6      | Noticed Menkaure
  6289 | D:6      | Killed Menkaure
  6290 | D:6      | Reached XP level 9. HP: 59/59 MP: 9/16
  6446 | D:6      | Reached skill level 5 in Spellcasting
  6552 | D:6      | Reached skill level 5 in Fighting
  6552 | D:6      | Reached skill level 5 in Conjurations
  7338 | D:6      | Found a staircase to the Ecumenical Temple.
  7420 | Temple   | Entered the Ecumenical Temple
  7554 | D:7      | Noticed a manticore
  7559 | D:7      | Killed a manticore
  7747 | D:7      | Reached XP level 10. HP: 61/68 MP: 4/18
  8549 | D:7      | Slain by a shadow

Illustrated notes

Levels and vault maps discovered:
D:1:      shiori_arrival_maze, layout_rooms, serial_curves, eino_curves_03,
          eino_curves_04
D:2:      layout_basic, basic_altar
D:3:      layout_loops_ring, trog_wizard, chequers_ecumenical_altar_island,
          uniq_ijyb
D:4:      layout_basic, kennysheep_generic_room_6
D:5:      layout_basic, chequers_temple_overflow_statue_of_worship,
          minmay_misc_feat_four_crosses
D:6:      layout_basic, minmay_temple_entry_stoned_glass, uniq_edmund,
          uniq_menkaure
D:7:      minmay_the_grid_triangle_9x9_recursive_2
          [minmay_the_grid_triangle_9x9_prize_top_heavy,
          minmay_the_grid_triangle_9x9_sparse_checkered,
          minmay_the_grid_triangle_9x9_longest,
          minmay_the_grid_triangle_9x9_zippers_horizontal], layout_cave_pools
Temple:   lightli_temple_of_artemis

Skill      XL: |  1  2  3  4  5  6  7  8  9 10 |
---------------+-------------------------------+-----
Fighting       | 1 2 3 4 6 |  6.3
Conjurations   | 1 2 3 4 6 |  6.3
Stealth        | 3 4 5 6 7 |  7.1
Spellcasting   | 3 4 5 6 |  6.2
Earth Magic    | 4 5 6 7 |  7.1
Dodging        | 3 4 |  4.9
Transmutations | |  1.0

Action                   |  1- 3 |  4- 6 |  7- 9 | 10-12 || total
-------------------------+-------+-------+-------+-------++-------
Melee: Unarmed           |    24 |       |       |       ||    24
       Constrict         |     7 |     4 |     9 |     4 ||    24
       Tentacles         |     7 |     3 |    15 |     7 ||    32
       Short sword       |       |     3 |       |       ||     3
       Spear             |       |    21 |    60 |    14 ||    95
       Punch             |       |     1 |       |     1 ||     2
       Flail             |       |       |       |    11 ||    11
Throw: Javelin           |    26 |       |       |       ||    26
       Dart              |     7 |    41 |     1 |       ||    49
       Stone             |     7 |     3 |       |       ||    10
 Cast: Sandblast         |    28 |    34 |    26 |       ||    88
       Stone Arrow       |       |     3 |    72 |    23 ||    98
  Use: Scroll            |     2 |       |     9 |       ||    11
       Potion            |       |       |     1 |     5 ||     6
 Stab: Sleeping          |     2 |     1 |     2 |       ||     5
Armor: Skin              |     4 |       |     5 |     2 ||    11
Dodge: Dodged            |    32 |    23 |    47 |    17 ||   119
